AoeStats
← Zen Chriss

Arena

508594984Analyzed
1v1 RM · 9d ago on Sep 23, 2026· 30m 38s· 2 players
Game mode
Random Map
Map size
Tiny (2 player)
Population
200
Speed
Normal
Resources
Standard
Victory
Conquest
Starting age
Dark Age
Ending age
Imperial Age
RankedLock teamsTeams togetherTeam positionsShared explorationLock speedFull tech treeHidden civsTurbo modeCheats
Victory
Defeat
🇨🇿 Vikings · Czechia
1073
+17
🇹🇼 Saxons · Taiwan
1089
-41
Zen Chriss
11:02 Feudal Age
15:38 Castle Age
14:06 Double-Bit Axe
14:12 Loom
14:14 Town Watch
18:32 Bow Saw
18:35 Horse Collar
21:44 Town Patrol
23:19 Fletching
23:30 Padded Archer Armor
23:37 Crossbowman
26:05 Bodkin Arrow
29:20 Ballistics
31:39 Imperial Age
99KaiKai
10:20 Feudal Age
11:10 Double-Bit Axe
14:14 Castle Age
12:01 Horse Collar
15:18 Bow Saw
15:54 Town Watch
22:12 Wheelbarrow
21:52 Loom
22:48 Stone Mining
24:13 Hand Cart
28:31 Imperial Age
26:17 Scale Mail Armor
26:20 Squires
26:06 Arson
27:21 Chain Mail Armor
27:17 Forging
29:45 Iron Casting
29:37 Conscription
29:34 Elite Hearth Troop
29:43 Shield Wall
Connection lost

Rejoining the realm…

Still unreachable

The connection could not be restored.

Session expired

The server has moved on; the page needs a fresh start.